 Dungeon Crawl Stone Soup version 0.23.2-40-g277498a001 (webtiles) character file.

Game seed: 6451345371544378679

591784 Buffaloe the Conqueror (level 26, 0/266 HPs)
             Began as a Minotaur Fighter on Oct 10, 2019.
             Was the Champion of Makhleb.
             Killed from afar by a shadow dragon (32 damage)
             ... with a bolt of negative energy
             ... on level 1 of the Realm of Zot on Oct 16, 2019.
             The game lasted 05:40:51 (65098 turns).

Buffaloe the Conqueror (Minotaur Fighter)          Turns: 65098, Time: 05:40:51

Health: 0/266      AC: 36    Str: 24    XL:     26   Next: 23%
Magic:  32/32      EV: 18    Int:  5    God:    Makhleb [******]
Gold:   5557       SH: 30    Dex: 17    Spells: 24/25 levels left

rFire    + . .     SeeInvis +   Q - +9 morningstar of Gallantry {vamp, rC+ Dex+3}
rCold    + . .     Gourm    .   G - +2 large shield
rNeg     . . .     Faith    .   M - +8 plate armour {rF+}
rPois    +         Spirit   .   V - +2 hat
rElec    +         Reflect  +   C - +2 cloak of the Catfish {+Blink rElec rCorr Str-5}
rCorr    +         Harm     .   (no gloves)
MR       ++...                  p - +0 pair of boots of Dishonour {Regen+ SInv}
Stlth    ..........             a - amulet "Ochoorhe" {Reflect Fragile rElec SH+3 Stlth+}
HPRegen  0.94/turn              k - ring of protection from magic
MPRegen  0.23/turn              x - ring of poison resistance

@: drained
A: retaliatory headbutt, horns 2
}: 3/15 runes: decaying, serpentine, silver
a: Minor Destruction, Lesser Servant of Makhleb, Major Destruction, Greater
Servant of Makhleb, Renounce Religion, Evoke Blink


You were on level 1 of the Realm of Zot.
You worshipped Makhleb.
Makhleb was exalted by your worship.
You were not hungry.

You visited 10 branches of the dungeon, and saw 47 of its levels.
You also visited: Bailey.

You collected 7501 gold pieces.
You spent 1944 gold pieces at shops.

Inventory:

Hand Weapons
 c - a +4 sacred scourge of holy wrath
 n - the +6 battleaxe of Rizocw {elec, rF+ rN+}
   (You found it on level 3 of the Crypt)

   Occasionally, upon striking a foe, it will discharge some electrical energy
   and cause terrible harm.
   It protects you from fire.
   It protects you from negative energy.
 Q - the +9 morningstar of Gallantry (weapon) {vamp, rC+ Dex+3}
   (You found it on level 4 of the Swamp)

   It inflicts no extra harm, but heals its wielder when it wounds a living foe.
   It affects your dexterity (+3).
   It protects you from cold.
Armour
 e - a +2 cloak of poison resistance
 l - the +2 pair of gloves of Impermeability {*Corrode rF- MR+++ Regen+}
   (You bought it in a shop on level 2 of the Orcish Mines)

   It makes you vulnerable to fire.
   It affects your resistance to hostile enchantments.
   It increases your rate of regeneration.
   It may corrode you when you take damage.
 p - the +0 pair of boots of Dishonour (worn) {Regen+ SInv}
   (You found it on level 5 of the Vaults)

   It lets you see invisible.
   It increases your rate of regeneration.
 C - the +2 cloak of the Catfish (worn) {+Blink rElec rCorr Str-5}
   (You bought it in a shop on level 2 of the Orcish Mines)

   It affects your strength (-5).
   It insulates you from electricity.
   It lets you blink.
   It provides partial protection from all sources of acid and corrosion.
 G - a +2 large shield (worn)
 M - a +8 plate armour of fire resistance (worn)
 O - the +5 pair of gloves "Ytade" {rElec rF- rC+ rCorr}
   (You acquired it on level 4 of the Snake Pit)

   It makes you vulnerable to fire.
   It protects you from cold.
   It insulates you from electricity.
   It provides partial protection from all sources of acid and corrosion.
 R - +0 storm dragon scales
 V - a +2 hat (worn)
Jewellery
 a - the amulet "Ochoorhe" (around neck) {Reflect Fragile rElec SH+3 Stlth+}
   (You acquired it on level 4 of the Vaults)

   [amulet of reflection]

   It shields you and reflects attacks.
   It insulates you from electricity.
   It will be destroyed if unequipped.
   It affects your SH (+3).
   It makes you more stealthy.
 h - an uncursed ring of positive energy
 k - a ring of protection from magic (left hand)
 x - a ring of poison resistance (right hand)
 y - an uncursed ring of fire
 W - an uncursed ring of resist corrosion
Wands
 b - a wand of acid (28)
 E - a wand of digging (11)
 I - a wand of scattershot (23)
 N - a wand of clouds (10)
 Y - a wand of iceblast (45)
Scrolls
 g - 4 scrolls of enchant weapon
 j - 8 scrolls of teleportation
 o - 3 scrolls of enchant armour
 q - 17 scrolls of remove curse
 s - 2 scrolls of summoning
 u - 3 scrolls of blinking
 z - 3 scrolls of holy word
 J - 7 scrolls of fog
 L - 8 scrolls of brand weapon
 S - 2 scrolls of identify
 X - 7 scrolls of fear
 Z - a scroll of silence
Potions
 d - 3 potions of might
 m - 17 potions of curing
 r - 2 potions of heal wounds
 t - a potion of invisibility
 w - 6 potions of haste
 A - 2 potions of ambrosia
 B - 4 potions of agility
 D - 4 potions of cancellation
 F - 2 potions of berserk rage
 H - 2 potions of magic
 K - 2 potions of resistance
 P - 9 potions of flight
 T - 4 potions of brilliance
Miscellaneous
 i - a phial of floods
 v - 4 boxes of beasts
 U - a lamp of fire
Comestibles
 f - 49 rations


   Skills:
 O Level 27(25.9) Fighting
 - Level 18.0(18.4) Axes
 + Level 12.9(16.0) Maces & Flails
 + Level 23.1(22.1) Armour
 + Level 17.3(16.4) Dodging
 - Level 25.0(23.9) Shields
 - Level 14.0(13.1) Invocations
 + Level 8.6(7.9) Evocations


You had 24 spell levels left.
You knew the following spells:

 Your Spells              Type           Power        Failure   Level  Hunger
a - Summon Butterflies    Summ           #.......     96%         1    ##.....

Your spell library contained the following spells:

 Spells                   Type           Power        Failure   Level  Hunger
 Animate Skeleton         Necr           N/A          96%         1    ##.....
 Apportation              Tloc           #.....       96%         1    ##.....
 Confusing Touch          Hex            #.....       96%         1    ##.....
 Corona                   Hex            #......      96%         1    ##.....
 Flame Tongue             Conj/Fire      #....        96%         1    ##.....
 Pain                     Necr           #...         96%         1    ##.....
 Sandblast                Erth           #.....       96%         1    ##.....
 Shock                    Conj/Air       #...         96%         1    ##.....
 Sting                    Conj/Pois      #...         96%         1    ##.....
 Summon Small Mammal      Summ           #...         96%         1    ##.....
 Call Imp                 Summ           #.......     99%         2    ###....
 Ensorcelled Hibernation  Hex/Ice        #.....       99%         2    ###....
 Passwall                 Tmut/Erth      #.......     99%         2    ###....
 Poisonous Vapours        Pois/Air       #.....       99%         2    ###....
 Sublimation of Blood     Necr           #.........   99%         2    ###....
 Swiftness                Chrm/Air       #.......     99%         2    ###....
 Call Canine Familiar     Summ           #.......     100%        3    ####...
 Confuse                  Hex            #.......     100%        3    ####...
 Conjure Flame            Conj/Fire      #.......     100%        3    ####...
 Dazzling Spray           Conj/Hex       #.....       100%        3    ####...
 Gell's Gravitas          Tloc           #.........   100%        3    ####...
 Ignite Poison            Fire/Tmut/Pois #.......     100%        3    ####...
 Lesser Beckoning         Tloc           #.........   100%        3    ####...
 Mephitic Cloud           Conj/Pois/Air  #.......     100%        3    ####...
 Regeneration             Chrm/Necr      #.........   100%        3    ####...
 Static Discharge         Conj/Air       #.......     100%        3    ####...
 Stone Arrow              Conj/Erth      #.....       100%        3    ####...
 Summon Guardian Golem    Hex/Summ       #.......     100%        3    ####...
 Tukima's Dance           Hex            #.......     100%        3    ####...
 Vampiric Draining        Necr           #.........   100%        3    ####...
 Airstrike                Air            #.........   100%        4    #####..
 Animate Dead             Necr           N/A          100%        4    #####..
 Cause Fear               Hex            #.........   100%        4    #####..
 Ice Form                 Ice/Tmut       #.......     100%        4    #####..
 Olgreb's Toxic Radiance  Pois           #.......     100%        4    #####..
 Petrify                  Tmut/Erth      #.......     100%        4    #####..
 Summon Ice Beast         Ice/Summ       #.......     100%        4    #####..
 Summon Lightning Spire   Summ/Air       #.......     100%        4    #####..
 Agony                    Necr           #.......     100%        5    ######.
 Alistair's Intoxication  Tmut/Pois      #.......     100%        5    ######.
 Borgnjor's Vile Clutch   Necr/Erth      #.........   100%        5    ######.
 Fireball                 Conj/Fire      #.........   100%        5    ######.
 Lee's Rapid Deconstruct  Erth           #.........   100%        5    ######.
 Lightning Bolt           Conj/Air       #.........   100%        5    ######.
 Metabolic Englaciation   Hex/Ice        #.........   100%        5    ######.
 Silence                  Hex/Air        #.........   100%        5    ######.
 Summon Mana Viper        Hex/Summ       #.......     100%        5    ######.
 Venom Bolt               Conj/Pois      #.........   100%        5    ######.
 Yara's Violent Unravell  Hex/Tmut       #.........   100%        5    ######.
 Bolt of Cold             Conj/Ice       #.........   100%        6    #######
 Bolt of Fire             Conj/Fire      #.........   100%        6    #######
 Death Channel            Necr           #.........   100%        6    #######
 Deflect Missiles         Chrm/Air       #.........   100%        6    #######
 Freezing Cloud           Conj/Ice/Air   #.........   100%        6    #######
 Invisibility             Hex            #.......     100%        6    #######
 Ozocubu's Refrigeration  Ice            #.........   100%        6    #######
 Simulacrum               Ice/Necr       #.........   100%        6    #######
 Dragon Form              Tmut           #.........   100%        7    #######
 Malign Gateway           Summ/Tloc      #.........   100%        7    #######
 Monstrous Menagerie      Summ           #.........   100%        7    #######
 Ring of Flames           Chrm/Fire      #.........   100%        7    #######
 Summon Greater Demon     Summ           #.........   100%        7    #######
 Summon Hydra             Summ           #.........   100%        7    #######
 Borgnjor's Revivificati  Necr           #.........   100%        8    #######
 Discord                  Hex            #.........   100%        8    #######
 Ignition                 Fire           #.........   100%        8    #######
 Summon Horrible Things   Summ           #.........   100%        8    #######
 Dragon's Call            Summ           #.........   100%        9    #######
 Shatter                  Erth           #.........   100%        9    #######
 Tornado                  Air            #.........   100%        9    #######


Dungeon Overview and Level Annotations

Branches:
Dungeon (15/15)            Temple (1/1) D:7            Lair (6/6) D:9
  Swamp (4/4) Lair:3        Snake (4/4) Lair:3        Slime (0/5) Lair:6
    Orc (2/2) D:11            Elf (0/3) Orc:2        Vaults (5/5) D:13
  Crypt (3/3) Vaults:3       Tomb (0/3) Crypt:3      Depths (5/5) D:15
    Zot (2/5) Depths:5

Altars:
Ashenzari
Cheibriados
Dithmenos
Elyvilon
Fedhas
Gozag
Hepliaklqana
Kikubaaqudgha
Makhleb
Nemelex Xobeh
Okawaru
Qazlal
Ru
Sif Muna
Trog
Uskayaw
Vehumet
Wu Jian
Xom
Yredelemnul
Zin
The Shining One
Lugonu

Shops:
D:4 =   D:11 }   D:12 *   D:13 :   Orc:2 ([[*   Snake:1 *   Snake:4 }[
Vaults:2 ?   Vaults:4 ?   Depths:1 !   Depths:5 (*

Portals:
Hell: Depths:1 Depths:2 Depths:3 Depths:4 Depths:5
Abyss: Depths:4
Pandemonium: Depths:3 Depths:5
Ziggurat: Depths:1


Innate Abilities, Weirdness & Mutations

You reflexively headbutt those who attack you in melee.
You have a pair of horns on your head.


Message History

You feel much better.
The electric golem blinks!
The curse toe calls on the powers of darkness!
Your body is wracked with pain!
* * * LOW HITPOINT WARNING * * *
The electric golem blinks!
Your surroundings suddenly seem different.
There is a stone staircase leading up here.
You climb upwards.
A shadow dragon and a yellow draconian come into view.
There is a stone staircase leading down here.
The yellow draconian throws acid at you.
The glob of acid misses you.
The shadow dragon breathes negative energy at you.
The bolt of negative energy misses you.
Your hearing returns.
A black draconian knight comes into view.
It is wielding a +0 dire flail.
The black draconian knight roars!
The shadow dragon breathes negative energy at you.
The bolt of negative energy hits you!!
You feel drained.
You die...

.......# ##.
...#...###.. .###
#.....##... #####
.q.
##...##..#.##...##d#
##..#..##........^##
##.#..#...D...⌠...#
#.'..#.....>.....#
#)#..#...⌠...⌠...#
#)#..##......@..##
#.##..#.##...##.#
####..##... ##### ..
.......###.. ##
......⌠..###.
...).......#
............
[.........#.
............


You could see a shadow dragon, a black draconian knight and a yellow draconian.

Vanquished Creatures
  Mennas (Vaults:4)
  An ancient lich (Vaults:5)
  A juggernaut (Depths:4)
  Boris (twice) (Depths:4 Crypt:3)
  A Killer Klown (Zot:2)
  Bai Suzhen (Crypt:1)
  Saint Roka (Orc:1)
  Xtahua (Depths:4)
  10 caustic shrikes
  A golden dragon (Depths:4)
  A bone dragon (Depths:5)
  A shard shrike zombie (Crypt:3)
  Jorgrun (Swamp:3)
  9 tentacled monstrosities
  9 liches
  7 titans
  6 quicksilver dragons
  A death cob (Depths:5)
  Gastronok (Lair:3)
  4 sphinxes
  Kirke (Swamp:3)
  2 ancient champions
  2 thorn hunters (Swamp:3)
  10 shadow dragons
  8 tengu reavers
  Donald (Orc:1)
  5 revenants
  A draconian monk (Zot:1)
  12 storm dragons
  7 nagarajas
  The ghost of steinardarri the Arsonist, a journeyman DrFE of Vehumet (D:15)
  12 fire giants
  4 iron dragons
  3 deep elf sorcerers
  10 frost giants
  14 vault wardens
  Louise (Snake:4)
  An orc warlord (Vaults:2)
  2 draconian scorchers (Zot:1)
  The ghost of lepoulpe303 the Warrior, a journeyman HOAK of Lugonu (Lair:6)
  2 deep elf elementalists
  A draconian shifter (Zot:1)
  6 ghouls (Crypt:1)
  A draconian stormcaller (Depths:5)
  2 curse skulls
  4 spriggan defenders
  22 very ugly things
  27 stone giants
  3 war gargoyles
  15 ironheart preservers
  The ghost of H0rd4k the Carver, a journeyman HuAr of Gozag (Lair:6)
  2 entropy weavers
  4 white draconians
  4 black draconians
  10 vampire knights
  4 deep elf demonologists
  A deep elf annihilator (Vaults:3)
  A purple draconian (Zot:1)
  2 red draconians (Zot:1)
  A green draconian (Zot:1)
  2 yellow draconians (Depths:5)
  10 spark wasps
  An ettin (shapeshifter) (Vaults:5)
  2 deep elf death magi
  A spark wasp (shapeshifter) (Vaults:5)
  15 ettins
  9 eidola
  2 spectral quicksilver dragons (Crypt:3)
  5 jiangshi
  2 spectral golden dragons (Crypt:3)
  20 yaktaur captains
  9 fire dragons
  A great orb of eyes (shapeshifter) (Vaults:3)
  The ghost of ChadusMaximus the Cleaver, a journeyman MiBe of Trog (Orc:2)
  A deep elf high priest (Vaults:5)
  7 great orbs of eyes
  A hydra (shapeshifter) (Depths:1)
  A catoblepas (Lair:6)
  7 ghost crabs
  13 ice dragons
  37 vault guards
  2 shambling mangroves
  5 rakshasas
  3 spriggan air magi
  13 hydras
  A spectral shadow dragon (Crypt:3)
  A hell beast (Depths:4)
  14 naga warriors
  8 centaur warriors
  4 death knights
  A spectral frost giant (Crypt:3)
  17 anacondas
  A queen ant (shapeshifter) (Depths:5)
  An alligator (shapeshifter) (Vaults:5)
  16 ogre magi
  4 tengu warriors
  65 two-headed ogres
  13 alligators
  8 deep troll shamans
  6 death yaks
  A shock serpent (shapeshifter) (Depths:2)
  10 deep troll earth magi
  5 vampire magi
  A titan zombie (Crypt:2)
  11 naga sharpshooters
  8 spriggan berserkers
  6 deep elf knights
  A storm dragon zombie (Vaults:4)
  A sun demon (Depths:4)
  4 shock serpents
  A spectral minotaur (Crypt:3)
  The ghost of barcode the Thaumaturge, a journeyman SpVM of Vehumet (Lair:2)
  19 spriggans
  A titan skeleton (Vaults:4)
  2 hell knights
  A fire crab (Lair:2)
  9 shadow wraiths (Crypt:3)
  A spectral anaconda (Crypt:3)
  2 salamander mystics
  17 skeletal warriors
  3 glowing orange brains
  5 spriggan druids
  31 deep trolls
  3 unseen horrors
  9 flayed ghosts
  10 swamp dragons
  A death drake (shapeshifter) (Vaults:5)
  A lindwurm (shapeshifter) (Vaults:4)
  4 naga ritualists (Snake:4)
  3 wizards
  An anaconda skeleton (Crypt:2)
  15 orc knights
  A shadow dragon zombie (Crypt:3)
  2 spectral hydras (Crypt:3)
  9 mana vipers
  6 necromancers
  17 phantasmal warriors
  5 deep elf archers
  A wolf spider zombie (Crypt:3)
  A tengu zombie (Vaults:4)
  20 deep elf magi
  9 ironbrand convokers
  3 lindwurms (Snake:4)
  7 wolf spiders
  A manticore (shapeshifter) (Vaults:5)
  24 ugly things
  3 orc sorcerers
  A spectral ettin (Crypt:3)
  A spectral fire dragon (Crypt:3)
  A fire giant zombie (Vaults:2)
  A mana viper (shapeshifter) (Depths:4)
  11 cyclopes
  A tengu skeleton (Vaults:2)
  4 manticores
  A frost giant zombie (Crypt:3)
  13 moths of wrath
  2 black mambas (shapeshifter) (Vaults:3)
  15 salamanders
  A rust devil (Depths:4)
  7 elephants
  A spectral shock serpent (Crypt:3)
  11 guardian serpents
  An iron dragon skeleton (Crypt:3)
  An elephant (shapeshifter) (Vaults:2)
  13 naga magi
  Joseph (D:8)
  3 fire giant skeletons
  25 black mambas
  A frost giant skeleton (Crypt:2)
  11 vault sentinels
  A stone giant skeleton (Crypt:2)
  22 freezing wraiths
  A kobold demonologist (D:13)
  A gargoyle (D:13)
  A storm dragon simulacrum (Crypt:3)
  2 rime drakes (shapeshifter)
  A shock serpent skeleton (Crypt:1)
  12 spiny frogs
  3 rime drakes
  3 centaur skeletons
  42 yaktaurs
  A white draconian skeleton (Crypt:3)
  A redback zombie (Crypt:2)
  5 komodo dragons
  A grey draconian skeleton (Crypt:1)
  A minotaur skeleton (Crypt:1)
  3 tengu conjurers
  A catoblepas skeleton (Crypt:3)
  2 red devils (Depths:2)
  3 polar bears
  2 wind drakes (shapeshifter) (Vaults:1)
  4 meliai
  7 tyrant leeches
  24 hornets
  15 trolls
  A jumping spider zombie (Crypt:1)
  2 raiju (shapeshifter)
  13 bog bodies
  12 blink frogs
  An ice dragon zombie (Crypt:2)
  29 slime creatures
  An elf zombie (Depths:4)
  A spectral swamp dragon (Crypt:3)
  2 hippogriffs
  3 human simulacra
  3 flying skulls (Crypt:2)
  2 fire giant simulacra (Crypt:3)
  10 wraiths
  Sigmund (D:6)
  A tarantella (shapeshifter) (Vaults:1)
  A spriggan (shapeshifter) (Depths:1)
  2 tarantellas
  2 guardian serpent skeletons
  9 water elementals
  4 redbacks
  2 basilisks
  10 shadows
  4 wyverns
  A wyvern (shapeshifter) (Depths:4)
  2 dire elephant simulacra (Crypt:3)
  5 hogs
  6 humans
  40 yaks
  A hog (shapeshifter) (Depths:2)
  21 vampire mosquitoes
  A wind drake skeleton (Crypt:2)
  A spectral spiny frog (Crypt:3)
  5 hungry ghosts
  11 swamp worms
  A yaktaur simulacrum (Vaults:2)
  15 insubstantial wisps
  55 nagas
  Edmund (D:5)
  4 acid dragons
  A floating eye (shapeshifter) (Vaults:3)
  A spectral snapping turtle (Crypt:3)
  A meliai simulacrum (D:15)
  12 water moccasins
  4 porcupines
  23 orc warriors
  13 swamp drakes
  3 ice beasts
  An ettin simulacrum (Vaults:1)
  2 sky beasts (D:9)
  A black bear (shapeshifter) (Vaults:4)
  4 phantoms
  51 ogres
  6 black bears
  5 necrophages
  3 human zombies
  8 centaurs
  An orc zombie (Vaults:2)
  An eye of draining (D:14)
  12 wolves
  13 boggarts
  11 crocodiles
  4 human skeletons (Vaults:2)
  Blork the orc (D:5)
  15 bullfrogs
  A salamander skeleton (Crypt:3)
  A yaktaur skeleton (Crypt:1)
  A cyclops zombie (Crypt:1)
  A warg zombie (Crypt:2)
  A yak zombie (Crypt:3)
  A wyvern skeleton (D:11)
  7 scorpions
  4 killer bees (D:11)
  A raiju zombie (Crypt:3)
  5 electric eels
  8 wights
  A howler monkey (D:12)
  5 bullfrog zombies
  9 crimson imps
  A quasit (D:8)
  A basilisk zombie (Crypt:2)
  18 orc priests
  7 hounds
  A gnoll shaman (D:8)
  9 jellies
  15 orc wizards
  A black bear skeleton (Crypt:1)
  Terence (D:2)
  14 worker ants
  2 iguanas
  A wolf simulacrum (Lair:6)
  3 yak simulacra (Lair:6)
  A deep dwarf zombie (Crypt:2)
  A crocodile zombie (Crypt:3)
  2 hound skeletons
  2 worker ant zombies
  14 adders
  20 gnolls
  A scorpion zombie (Crypt:2)
  A swamp drake skeleton (Crypt:2)
  2 shadow imps
  An ufetubus (Depths:5)
  4 oozes
  2 adder zombies
  An iguana zombie (Crypt:3)
  2 adder skeletons
  4 worms
  3 dart slugs
  5 leopard geckos
  63 orcs
  5 bats
  A bat (shapeshifter) (Depths:4)
  4 giant cockroaches
  A goblin (D:1)
  18 hobgoblins
  7 jackals
  12 kobolds
  5 quokkas
  3 ball pythons
  6 frilled lizards
  A jackal skeleton (D:5)
  2 jackal zombies
  A quokka skeleton (D:4)
  7 rats
  6 river rat simulacra (Lair:6)
  6 fungi
  2 plants
2003 creatures vanquished.

Vanquished Creatures (collateral kills)
  Boris (Vaults:5)
  Frederick (Vaults:3)
  2 caustic shrikes
  A golden dragon (Depths:3)
  2 titans
  A shadow dragon (shapeshifter) (Vaults:5)
  2 tengu reavers
  A nagaraja (Snake:4)
  A fire giant (Vaults:5)
  2 vault wardens
  The ghost of Emblim88 the Grappler, a journeyman TrBe of Trog (Orc:1)
  A spriggan defender (Depths:3)
  An ironheart preserver (Vaults:5)
  A stone giant (Vaults:5)
  2 deep elf demonologists (Vaults:5)
  A deep elf annihilator (Vaults:5)
  A dire elephant (Lair:6)
  An ettin (Depths:3)
  A fire dragon (Depths:1)
  4 hydras
  A vault guard (D:13)
  A spriggan air mage (Depths:3)
  5 anacondas (Snake:4)
  An anaconda (shapeshifter) (D:13)
  2 ogre magi
  2 alligators
  3 two-headed ogres
  2 death yaks
  A shock serpent (Snake:4)
  3 salamander mystics (Snake:4)
  2 deep trolls
  A flayed ghost (Vaults:5)
  A lindwurm (Snake:4)
  An orc knight (Orc:1)
  A deep elf archer (D:15)
  A deep elf mage (Vaults:5)
  An oklob plant (Lair:2)
  3 ugly things (D:15)
  2 mana vipers (Snake:4)
  A slime creature (Depths:1)
  A cyclops (D:15)
  3 guardian serpents (Snake:4)
  A centaur zombie (D:15)
  5 black mambas (Snake:4)
  2 vault sentinels (Vaults:5)
  A spiny frog (Swamp:1)
  A naga mage (Snake:4)
  A yaktaur (Depths:3)
  2 meliai (D:13)
  A polar bear (Lair:2)
  A tyrant leech (Swamp:1)
  4 hornets
  A troll (Orc:2)
  A shadow (Swamp:3)
  5 spriggans
  A human (D:13)
  6 vampire mosquitoes
  A naga (Snake:3)
  2 swamp worms (Swamp:1)
  A floating eye (shapeshifter) (D:15)
  An ogre (Orc:2)
  A boggart (D:15)
  A yak simulacrum (Lair:6)
  A fungus (Lair:6)
108 creatures vanquished.

Vanquished Creatures (others)
  Asterion (Vaults:1)
  A tengu reaver (Depths:5)
  2 fire giants
  A vampire knight (Depths:3)
  A stone giant (Depths:2)
  A yellow draconian (Zot:1)
  A naga warrior (Snake:4)
  2 yaktaur captains
  A hydra (Swamp:3)
  A spriggan berserker (Depths:5)
  3 naga sharpshooters
  A deep elf mage (Vaults:4)
  3 naga magi
  10 yaktaurs
  A human (D:13)
  A swamp worm (Swamp:2)
  A swamp drake (Swamp:2)
  An orc wizard (D:2)
  An orc (Vaults:1)
  6 fungi
  11 plants
  6 withered plants (Lair:6)
57 creatures vanquished.

Grand Total: 2168 creatures vanquished

Notes
Turn   | Place    | Note
-------+----------+-------------------------------------------
     0 | D:1      | Buffaloe the Minotaur Fighter began the quest for the Orb.
     0 | D:1      | Reached XP level 1. HP: 19/19 MP: 0/0
   256 | D:1      | Reached XP level 2. HP: 26/27 MP: 1/1
  1051 | D:2      | Reached skill level 4 in Fighting
  1051 | D:2      | Reached XP level 3. HP: 22/33 MP: 2/2
  1168 | D:2      | Noticed Terence
  1338 | D:2      | Killed Terence
  1338 | D:2      | Reached XP level 4. HP: 31/41 MP: 3/3
  1665 | D:2      | Found a faded altar of an unknown god.
  2124 | D:2      | Found an ornate altar of the Wu Jian Council.
  2489 | D:3      | Reached XP level 5. HP: 47/47 MP: 4/4
  2711 | D:3      | Found a shimmering altar of Xom.
  3217 | D:4      | Reached skill level 5 in Fighting
  3217 | D:4      | Reached skill level 5 in Armour
  3494 | D:4      | Reached skill level 5 in Axes
  3494 | D:4      | Reached XP level 6. HP: 55/56 MP: 5/5
  4101 | D:4      | Found Iced's Jewellery Boutique.
  4170 | D:5      | Entered Level 5 of the Dungeon
  4180 | D:5      | Noticed Blork the orc
  4191 | D:5      | Killed Blork the orc
  4191 | D:5      | Reached XP level 7. HP: 31/62 MP: 6/6
  4486 | D:5      | Reached skill level 6 in Fighting
  4631 | D:5      | Noticed Edmund
  4647 | D:5      | Killed Edmund
  5078 | D:5      | You fall through a shaft for 3 floors!
  5079 | D:8      | Noticed Joseph
  5119 | D:8      | Reached XP level 8. HP: 47/71 MP: 7/7
  5554 | D:6      | Noticed Sigmund
  5585 | D:6      | Reached skill level 7 in Fighting
  5590 | D:6      | Killed Sigmund
  6837 | D:7      | Reached XP level 9. HP: 74/81 MP: 8/8
  7035 | D:7      | Reached skill level 8 in Fighting
  7035 | D:7      | Reached skill level 10 in Axes
  7144 | D:7      | Found a staircase to the Ecumenical Temple.
  7528 | D:7      | Found a white marble altar of Elyvilon.
  7883 | D:8      | Noticed a two-headed ogre
  7942 | Temple   | Entered the Ecumenical Temple
  7995 | Temple   | Became a worshipper of Makhleb the Destroyer
  8128 | D:7      | Killed a two-headed ogre
  8128 | D:7      | Reached skill level 9 in Fighting
  8579 | D:8      | Found a basalt altar of Yredelemnul.
  8579 | D:8      | Found an opulent altar of Gozag.
  8862 | D:8      | Killed Joseph
  8953 | D:8      | Found a radiant altar of Vehumet.
  8979 | D:8      | Reached XP level 10. HP: 87/91 MP: 9/9
  9005 | D:8      | Got a translucent plate armour
  9006 | D:8      | Identified the +2 plate armour "Betustris" {rElec MR- rCorr
                  | Dex+7} (You found it on level 8 of the Dungeon)
  9303 | D:9      | Found a stormy altar of Qazlal.
  9510 | D:9      | Found an ancient bone altar of Kikubaaqudgha.
  9510 | D:9      | Found a blossoming altar of Fedhas.
  9511 | D:9      | Found a glowing golden altar of the Shining One.
  9812 | D:9      | Found a staircase to the Lair.
 10792 | D:9      | Reached skill level 10 in Fighting
 10792 | D:9      | Reached skill level 10 in Armour
 10841 | D:10     | Entered Level 10 of the Dungeon
 10921 | D:10     | Reached * piety under Makhleb
 11693 | D:11     | Noticed a manticore
 11784 | D:11     | Found Xogexant's Gadget Emporium.
 12155 | D:10     | Reached XP level 11. HP: 93/101 MP: 10/10
 12201 | D:11     | Reached ** piety under Makhleb
 12492 | D:11     | Reached skill level 11 in Fighting
 12748 | D:11     | Reached skill level 1 in Invocations
 13316 | D:11     | You fall through a shaft for 2 floors!
 13433 | D:12     | Killed an unseen horror
 13563 | D:11     | Found a staircase to the Orcish Mines.
 14362 | D:12     | Found Ozeowkid's Assorted Antiques.
 14370 | D:12     | Bought a scroll of identify for 52 gold pieces
 14445 | D:12     | Noticed a two-headed ogre
 14478 | D:12     | Killed a two-headed ogre
 14618 | D:12     | Noticed a purple ugly thing
 14629 | D:12     | Killed a purple ugly thing
 14629 | D:12     | Reached skill level 12 in Fighting
 14752 | D:12     | Reached XP level 12. HP: 75/112 MP: 14/14
 14799 | D:12     | Reached skill level 15 in Axes
 14986 | D:12     | Reached *** piety under Makhleb
 15164 | Lair:1   | Entered Level 1 of the Lair of Beasts
 16094 | Lair:2   | Got a pair of heavily runed boots
 16100 | Lair:2   | Identified the +0 pair of boots "Mufosm" {Stlth+} (You
                  | found it on level 2 of the Lair of Beasts)
 16103 | Lair:2   | Found a runed translucent door.
 16111 | Lair:2   | Noticed barcode's ghost (journeyman SpVM)
 16153 | Lair:2   | You fall through a shaft for 2 floors!
 16349 | Lair:4   | Noticed a five-headed hydra
 16362 | Lair:4   | Killed a five-headed hydra
 16906 | Lair:3   | Noticed Gastronok
 16934 | Lair:3   | Killed Gastronok
 17034 | Lair:2   | Reached skill level 13 in Fighting
 17306 | Lair:2   | Reached skill level 5 in Shields
 18231 | Lair:2   | Identified the +5 trident of Causality {holy, +Fly rN+
                  | Str-3}
 18622 | Lair:3   | Found a staircase to the Snake Pit.
 18687 | Lair:3   | Found a staircase to the Swamp.
 19414 | Lair:4   | Got a pair of jewelled gloves
 19431 | Lair:4   | Identified the +2 pair of gloves of the Komtur {*Slow rF+
                  | Dex+3} (You found it on level 4 of the Lair of Beasts)
 19586 | Lair:4   | Reached XP level 13. HP: 101/122 MP: 15/15
 19694 | Lair:4   | Reached **** piety under Makhleb
 21368 | Lair:6   | Entered Level 6 of the Lair of Beasts
 21951 | Lair:6   | Reached skill level 14 in Fighting
 22458 | Lair:6   | Found a runed translucent gate.
 22458 | Lair:6   | Found a runed translucent gate.
 22458 | Lair:6   | Found a runed translucent gate.
 22461 | Lair:6   | Noticed H0rd4k's ghost (journeyman HuAr)
 22461 | Lair:6   | Noticed lepoulpe303's ghost (journeyman HOAK)
 22533 | Lair:6   | Found a staircase to the Slime Pits.
 22822 | Lair:6   | Reached skill level 10 in Shields
 22999 | Lair:6   | Noticed a dire elephant
 23018 | Lair:6   | Killed a dire elephant
 24417 | D:13     | Reached skill level 5 in Invocations
 24447 | D:13     | Reached XP level 14. HP: 127/133 MP: 16/16
 24517 | D:13     | Found a runed translucent door.
 24518 | D:13     | Found a runed translucent door.
 24520 | D:13     | Found a runed translucent door.
 24609 | D:13     | Reached skill level 15 in Armour
 24913 | D:13     | Reached skill level 15 in Fighting
 25106 | D:13     | Found Weofiatu's Book Shoppe.
 25328 | Lair:2   | Killed barcode's ghost
 25845 | Lair:6   | Killed H0rd4k's ghost
 25852 | Lair:6   | Killed lepoulpe303's ghost
 26501 | D:13     | Found a gate to the Vaults.
 26945 | D:14     | Found a flagged portal.
 26960 | Bailey   | Entered a bailey
 27274 | D:14     | Reached skill level 1 in Dodging
 27635 | D:15     | Entered Level 15 of the Dungeon
 27635 | D:15     | Found a runed translucent door.
 27635 | D:15     | Noticed steinardarri's ghost (journeyman DrFE)
 28769 | D:15     | Reached skill level 5 in Dodging
 28833 | D:15     | Reached XP level 15. HP: 143/143 MP: 19/19
 28855 | D:15     | Killed steinardarri's ghost
 28986 | D:15     | Paralysed by a floating eye for 3 turns
 29028 | D:15     | Found a staircase to the Depths.
 29150 | Orc:1    | Entered Level 1 of the Orcish Mines
 29365 | Orc:1    | Reached skill level 16 in Fighting
 29369 | Orc:1    | Found a transporter.
 29425 | Orc:1    | Identified the +4 bardiche "Killer Klown's Regret" {vamp,
                  | rC- rN+ Str+3}
 29426 | Orc:1    | Noticed Emblim88's ghost (journeyman TrBe)
 29429 | Orc:1    | Found a bloodstained altar of Trog.
 29447 | Orc:1    | Found a transporter.
 29485 | Orc:1    | Killed Emblim88's ghost
 29580 | Orc:2    | Entered Level 2 of the Orcish Mines
 29581 | Orc:2    | Noticed Saint Roka
 29590 | Orc:2    | Noticed Donald
 29615 | Orc:1    | Killed Saint Roka
 29808 | Orc:1    | Killed Donald
 30012 | Orc:2    | Found a staircase to the Elven Halls.
 30096 | Orc:2    | Noticed ChadusMaximus's ghost (journeyman MiBe)
 30103 | Orc:2    | Identified the +7 great mace "Odetry" {antimagic, rN+}
 30106 | Orc:2    | Identified the +7 demon trident of Jisic {pierce, rN++
                  | Str+5 Dex-4}
 30113 | Orc:2    | Found a transporter.
 30114 | Orc:2    | Found a bloodstained altar of Trog.
 30121 | Orc:2    | Found a transporter.
 30124 | Orc:2    | Identified the +7 plate armour "Jiheb" {rCorr Dex+4}
 30197 | Orc:2    | Found Zakiu's Weapon Boutique.
 30198 | Orc:2    | Found Lorchyxo's Antique Armour Shop.
 30216 | Orc:2    | Found Tivileod's Antique Armour Emporium.
 30229 | Orc:2    | Bought a warped cloak for 285 gold pieces
 30231 | Orc:2    | Found Uvvoewk's Assorted Antiques.
 30246 | Orc:2    | Identified the +2 cloak of the Catfish {+Blink rElec rCorr
                  | Str-5} (You bought it in a shop on level 2 of the Orcish
                  | Mines)
 30756 | Orc:2    | Killed ChadusMaximus's ghost
 30756 | Orc:2    | Reached skill level 1 in Evocations
 30768 | Orc:2    | Identified the Compendium of the Congealing Mountains
 30836 | Orc:2    | Bought a pair of glowing gloves for 157 gold pieces
 30869 | Orc:2    | Bought a pair of spiked gloves for 285 gold pieces
 30882 | Orc:2    | Identified the +2 pair of gloves of Impermeability
                  | {*Corrode rF- MR+++ Regen+} (You bought it in a shop on
                  | level 2 of the Orcish Mines)
 30913 | Orc:2    | Bought a coral ring for 145 gold pieces
 31151 | Swamp:1  | Entered Level 1 of the Swamp
 33245 | Swamp:3  | Noticed a thorn hunter
 33468 | Swamp:2  | Reached XP level 16. HP: 146/152 MP: 20/20
 34498 | Swamp:3  | Noticed Kirke
 34707 | Swamp:3  | Killed Kirke
 34750 | Swamp:3  | Killed a thorn hunter
 35128 | Swamp:3  | Noticed a thorn hunter
 35142 | Swamp:3  | Killed a thorn hunter
 35300 | Swamp:3  | Found a transporter.
 35320 | Swamp:3  | Found a transporter.
 35669 | Swamp:3  | Reached skill level 17 in Fighting
 36002 | Swamp:3  | Noticed Jorgrun
 36020 | Swamp:3  | Killed Jorgrun
 36193 | Swamp:4  | Entered Level 4 of the Swamp
 36957 | Swamp:3  | Reached skill level 5 in Evocations
 37667 | Swamp:4  | Got a decaying rune of Zot
 37920 | Swamp:4  | Got a polished morningstar
 38258 | Swamp:3  | Reached XP level 17. HP: 162/162 MP: 21/21
 38610 | Vaults:1 | Entered Level 1 of the Vaults
 38668 | Vaults:1 | Identified the +9 morningstar of Gallantry {vamp, rC+
                  | Dex+3} (You found it on level 4 of the Swamp)
 38711 | Vaults:1 | Reached skill level 1 in Maces & Flails
 38808 | Vaults:1 | Noticed Asterion
 38826 | Vaults:1 | Killed Asterion
 38832 | Vaults:1 | Reached skill level 10 in Dodging
 38973 | Vaults:1 | Reached ***** piety under Makhleb
 39154 | Vaults:1 | Reached skill level 5 in Maces & Flails
 39530 | Vaults:1 | Reached skill level 15 in Shields
 39731 | Vaults:1 | You fall through a shaft!
 40298 | Vaults:2 | Found Beuf's Magic Scroll Boutique.
 40312 | Vaults:2 | Bought a scroll of identify for 34 gold pieces
 40312 | Vaults:2 | Bought a scroll of identify for 34 gold pieces
 40312 | Vaults:2 | Bought a scroll of teleportation for 51 gold pieces
 40896 | Vaults:2 | Reached XP level 18. HP: 111/170 MP: 23/23
 40924 | Vaults:2 | Reached ****** piety under Makhleb
 41149 | Vaults:2 | Found an ornate altar of the Wu Jian Council.
 41626 | Vaults:3 | Noticed Frederick
 41644 | Vaults:3 | Killed Frederick
 41644 | Vaults:3 | Reached skill level 10 in Maces & Flails
 41809 | Vaults:3 | Found a staircase to the Crypt.
 42922 | Vaults:4 | Noticed Mennas
 43028 | Vaults:4 | Killed Mennas
 43608 | Vaults:4 | Reached XP level 19. HP: 179/179 MP: 24/24
 43624 | Vaults:4 | Reached skill level 18 in Fighting
 43942 | Vaults:4 | Found Zonacabergh's Magic Scroll Boutique.
 44019 | Vaults:4 | Bought a scroll of enchant weapon for 112 gold pieces
 44019 | Vaults:4 | Bought a scroll of enchant armour for 112 gold pieces
 44019 | Vaults:4 | Bought a scroll of enchant weapon for 112 gold pieces
 44019 | Vaults:4 | Bought a scroll of teleportation for 45 gold pieces
 44020 | Vaults:4 | Identified 2 scrolls of acquirement
 44158 | Vaults:4 | Got a translucent bone amulet
 44160 | Vaults:4 | Identified the amulet "Ochoorhe" {Reflect Fragile rElec
                  | SH+3 Stlth+} (You acquired it on level 4 of the Vaults)
 44615 | Vaults:4 | Reached skill level 15 in Dodging
 45601 | Snake:1  | Entered Level 1 of the Snake Pit
 45733 | Snake:1  | Reached skill level 10 in Invocations
 46213 | Snake:1  | Found Naxkum's Assorted Antiques.
 46983 | Snake:2  | Reached skill level 19 in Fighting
 47466 | Snake:3  | Reached XP level 20. HP: 191/191 MP: 26/26
 47524 | Snake:3  | Identified the cursed +0 chain mail of Weightlessness
                  | {rElec MR- Slay+6}
 47642 | Snake:3  | Got a coiled glass ring
 47837 | Snake:4  | Entered Level 4 of the Snake Pit
 48099 | Snake:4  | Identified the ring "Tigaorie" {*Tele rN+} (You found it on
                  | level 3 of the Snake Pit)
 48414 | Snake:4  | Noticed Louise
 48415 | Snake:4  | Found Venysm's Armour Shop.
 48415 | Snake:4  | Found Ykhletwann's Gadget Boutique.
 48435 | Snake:4  | Killed Louise
 48473 | Snake:4  | Got a pair of heavily runed gloves
 48484 | Snake:4  | Identified the +5 pair of gloves "Ytade" {rElec rF- rC+
                  | rCorr} (You acquired it on level 4 of the Snake Pit)
 49132 | Snake:4  | Reached skill level 20 in Fighting
 49236 | Snake:4  | Got a serpentine rune of Zot
 49659 | Depths:1 | Entered Level 1 of the Depths
 49715 | Depths:1 | HP: 3/193 [deep troll shaman[a boggart] (21)]
 49721 | D:15     | HP: 6/193 [poisoned by a black mamba]
 50223 | Depths:1 | Found a gateway to Hell.
 50233 | Depths:1 | Noticed a caustic shrike
 50236 | Depths:1 | Noticed a caustic shrike
 50238 | Depths:1 | Noticed a caustic shrike
 50239 | Depths:1 | Noticed a caustic shrike
 50263 | Depths:1 | Killed a caustic shrike
 50281 | Depths:1 | Found Jouhoxeff's Distillery.
 50398 | Depths:1 | Found a stormy altar of Qazlal.
 50512 | Depths:1 | Bought a potion of might for 52 gold pieces
 50512 | Depths:1 | Bought a potion of haste for 130 gold pieces
 50512 | Depths:1 | Bought a potion of resistance for 130 gold pieces
 50512 | Depths:1 | Bought a potion of heal wounds for 65 gold pieces
 50512 | Depths:1 | Bought a potion of curing for 39 gold pieces
 50512 | Depths:1 | Bought a potion of heal wounds for 65 gold pieces
 50512 | Depths:1 | Bought a potion of curing for 39 gold pieces
 50610 | Depths:1 | Killed a caustic shrike
 50849 | Depths:1 | Killed a caustic shrike
 50915 | Depths:1 | Found a deep blue altar of Sif Muna.
 50921 | Depths:1 | Reached XP level 21. HP: 202/202 MP: 29/29
 50942 | Depths:1 | Killed a caustic shrike
 51238 | Depths:1 | Found a gateway to a ziggurat.
 51764 | Depths:2 | Reached skill level 21 in Fighting
 53360 | Depths:3 | Found a one-way gate leading to the halls of Pandemonium.
 53555 | Depths:3 | Reached skill level 22 in Fighting
 53630 | Depths:3 | Identified the cursed +0 hand axe "Inadu" {chop, Int+4}
 53633 | Depths:3 | Noticed a caustic shrike
 53635 | Depths:3 | Noticed a caustic shrike
 53638 | Depths:3 | Noticed a golden dragon
 53649 | Depths:3 | Killed a caustic shrike
 53651 | Depths:3 | Noticed a caustic shrike
 53655 | Depths:3 | Killed a golden dragon
 53682 | Depths:3 | Killed a caustic shrike
 53682 | Depths:3 | Reached XP level 22. HP: 216/216 MP: 30/30
 53717 | Depths:3 | Noticed a caustic shrike
 53730 | Depths:3 | Killed a caustic shrike
 53737 | Depths:3 | Killed a caustic shrike
 53928 | Depths:3 | Noticed a caustic shrike
 53941 | Depths:3 | Killed a caustic shrike
 54562 | Depths:4 | Noticed a caustic shrike
 54574 | Depths:4 | Noticed a juggernaut
 54588 | Depths:4 | Killed a caustic shrike
 54594 | Depths:4 | Killed a juggernaut
 54594 | Depths:4 | Reached skill level 23 in Fighting
 54871 | Depths:4 | HP: 5/220 [frost giant (illusionary)/bolt of cold (39)]
 55064 | Depths:4 | Reached XP level 23. HP: 227/227 MP: 31/31
 55461 | Depths:4 | Noticed Xtahua
 55494 | Depths:4 | Killed Xtahua
 55907 | Depths:4 | Found a corrupted altar of Lugonu.
 55907 | Depths:4 | Found a one-way gate to the infinite horrors of the Abyss.
 56029 | Depths:4 | Noticed a caustic shrike
 56073 | Depths:3 | Killed a caustic shrike
 56377 | Depths:4 | Noticed a caustic shrike
 56412 | Depths:4 | Killed a caustic shrike
 56866 | Depths:4 | Reached skill level 24 in Fighting
 57081 | Depths:5 | Entered Level 5 of the Depths
 57128 | Depths:5 | Noticed Boris
 57204 | Depths:4 | Killed Boris
 57327 | Depths:5 | Found Yjathrug's Antique Weapon Boutique.
 57332 | Depths:5 | Found Deklorinn's General Store.
 57678 | Depths:5 | Reached XP level 24. HP: 239/239 MP: 31/31
 57968 | Depths:5 | Found a gate to the Realm of Zot.
 58470 | Vaults:5 | Entered Level 5 of the Vaults
 58777 | Vaults:5 | Noticed Boris
 58837 | Vaults:5 | Killed Boris
 59020 | Vaults:5 | Reached skill level 25 in Fighting
 59281 | Vaults:5 | Got a silver rune of Zot
 59427 | Vaults:5 | Noticed an ancient lich
 59453 | Vaults:5 | Killed an ancient lich
 59560 | Vaults:5 | Got a pair of steaming boots
 59572 | Vaults:5 | Identified the +0 pair of boots of Dishonour {Regen+ SInv}
                  | (You found it on level 5 of the Vaults)
 59839 | Vaults:5 | Reached XP level 25. HP: 253/253 MP: 32/32
 59897 | Vaults:5 | Reached skill level 26 in Fighting
 60134 | Vaults:5 | Identified the +8 hunting sling "Nudwolah" {velocity, rElec
                  | rN+ MP+9}
 60415 | Crypt:1  | Entered Level 1 of the Crypt
 60473 | Crypt:1  | Noticed Bai Suzhen
 60512 | Crypt:1  | Killed Bai Suzhen
 60916 | Crypt:1  | Reached skill level 27 in Fighting
 61156 | Crypt:1  | Learned a level 1 spell: Summon Butterflies
 62062 | Crypt:3  | Entered Level 3 of the Crypt
 62727 | Crypt:3  | Found a staircase to the Tomb.
 63100 | Crypt:3  | Noticed Boris
 63111 | Crypt:3  | Killed Boris
 63134 | Crypt:3  | Identified the +6 battleaxe of Rizocw {elec, rF+ rN+} (You
                  | found it on level 3 of the Crypt)
 63349 | Crypt:3  | Identified the Compendium of Evil
 64122 | Zot:1    | Entered Level 1 of the Realm of Zot
 64325 | Zot:1    | Reached XP level 26. HP: 266/266 MP: 32/32
 64439 | Zot:1    | You fall through a shaft!
 64765 | Zot:2    | Identified the +4 morningstar "Xesay" {crush, rElec Str+4
                  | Int+4} (You found it on level 2 of the Realm of Zot)
 65071 | Zot:2    | HP: 10/266 [deathcap/drain life[a curse toe] (23)]
 65078 | Zot:2    | HP: 13/266 [??? (11)]
 65098 | Zot:1    | Killed from afar by a shadow dragon

Skill      XL: |  1  2  3  4  5  6  7  8  9 10 11 12 13 14 15 16 17 18 19 20 21 22 23 24 25 26 |
---------------+-------------------------------------------------------------------------------+-----
Shields        | 4 6 10 12 13 14 15 16 18 19 21 22 23 25 | 25.0
Axes           | 3 4 5 6 7 9 11 13 14 16 17 18 | 18.0
Fighting       | 4 5 6 7 9 10 12 13 14 15 16 17 19 20 22 23 24 25 27 | 27.0
Armour         | 4 5 6 7 9 10 12 13 14 15 16 17 18 19 20 21 22 23 | 23.1
Invocations    | 4 5 7 8 10 12 13 14 | 14.0
Dodging        | 5 8 9 12 14 15 16 17 | 17.3
Evocations     | 2 5 7 8 |  8.6
Maces & Flails | 8 11 12 | 12.9

Action                   |  1- 3 |  4- 6 |  7- 9 | 10-12 | 13-15 | 16-18 | 19-21 | 22-24 | 25-27 || total
-------------------------+-------+-------+-------+-------+-------+-------+-------+-------+-------++-------
Melee: War axe           |    57 |   167 |    43 |   234 |   811 |       |       |       |       ||  1312
       Headbutt          |    10 |    29 |    45 |   214 |   352 |   497 |   663 |   626 |   427 ||  2863
       Flail             |       |       |   180 |   642 |   123 |   120 |       |       |       ||  1065
       Broad axe         |       |       |       |       |   397 |   394 |       |       |       ||   791
       Morningstar       |       |       |       |       |       |  1390 |  2228 |  2015 |   494 ||  6127
       Sacred scourge    |       |       |       |       |       |       |       |       |   813 ||   813
Invok: Lesser Servant of |       |       |       |     7 |    70 |    27 |    29 |     3 |     1 ||   137
       Greater Servant o |       |       |       |       |       |       |     6 |     5 |     5 ||    16
 Abil: Evoke Blink       |       |       |       |       |       |       |     2 |       |     1 ||     3
Evoke: Wand              |       |       |     1 |       |     4 |     2 |     4 |       |       ||    11
       Lamp of fire      |       |       |       |       |       |     2 |     1 |       |       ||     3
  Use: Scroll            |       |     2 |     6 |     8 |    13 |    16 |    25 |     6 |    13 ||    89
       Potion            |       |       |       |     1 |     5 |    13 |     3 |     8 |     6 ||    36
 Stab: Distracted        |       |       |       |     1 |    10 |    11 |     7 |     4 |     2 ||    35
       Petrified         |       |       |       |       |    11 |       |       |       |       ||    11
       Confused          |       |       |       |       |       |     1 |       |       |       ||     1
  Eat: Chunk             |     1 |    17 |    24 |    48 |    27 |    23 |    18 |    11 |     2 ||   171
       Ration            |       |       |       |     2 |     5 |     5 |     5 |     4 |     6 ||    27
Armor: Scale mail        |    23 |    57 |    39 |    14 |   173 |       |       |       |       ||   306
       Plate armour      |       |       |    65 |   464 |   368 |   847 |   726 |   641 |   316 ||  3427
Dodge: Dodged            |    14 |    52 |    50 |   137 |   244 |   490 |   691 |   640 |   317 ||  2635
Block: Shield            |    29 |    83 |   111 |   399 |   271 |       |       |       |       ||   893
       Large shield      |       |       |       |       |   730 |  2001 |  2749 |  2515 |  1378 ||  9373
       Reflection        |       |       |       |       |       |       |   210 |   100 |    11 ||   321
